 Dungeon Crawl Stone Soup version 0.19-a0-957-gf4ea323 (webtiles) character file.

176557 ryw the Impaler (level 18, -50/189 HPs)
             Began as a Hill Orc Monk on July 9, 2016.
             Was a High Priest of Beogh.
             Killed from afar by a deep elf annihilator (65 damage)
             ... with a crystal spear
             ... on level 3 of the Elven Halls on July 11, 2016.
             The game lasted 02:10:28 (43811 turns).

ryw the Impaler (Hill Orc Monk)                    Turns: 43811, Time: 02:10:29

Health: -50/189    AC: 27    Str: 16    XL:     18   Next: 13%
Magic:  0/26       EV: 21    Int: 14    God:    Beogh [*****.]
Gold:   2563       SH:  0    Dex: 18    Spells: 0 memorised, 17 levels left

rFire  + . .     SeeInvis .     D - +3 bardiche "Nielaet" {drain, MR+ Dex+2 Stlth+}
rCold  + . .     Gourm    .     v - +5 ring mail of Inaction {rElec rC+ Int+3}
rNeg   . . .     Faith    .     (shield currently unavailable)
rPois  .         Spirit   +     w - +2 hat {MR+}
rElec  +         Dismiss  .     m - +2 cloak
rCorr  .         Reflect  .     C - +2 pair of gloves
SustAt .         Harm     .     j - +2 pair of boots
MR     +++++                    n - amulet of guardian spirit
Stlth  ++........               T - +4 ring of evasion
                                J - ring of protection from magic

@: drained, almost entirely resistant to hostile enchantments, unstealthy
A: walk on water, clumsy 1, fire resistance 1, magic resistance 1, robust 1
a: Smiting, Recall Orcish Followers, Give Item to Named Follower, Renounce
Religion


You were on level 3 of the Elven Halls.
You worshipped Beogh.
Beogh was extremely pleased with you.
You were not hungry.

You visited 5 branches of the dungeon, and saw 30 of its levels.

You collected 2911 gold pieces.
You spent 348 gold pieces at shops.

Inventory:

Hand Weapons
 k - a +4 executioner's axe of pain
 s - a +1 demon trident of flaming
 D - the +3 bardiche "Nielaet" (weapon) {drain, MR+ Dex+2 Stlth+}
   (You acquired it on level 3 of the Lair of Beasts)

   A truly terrible weapon, it drains the life of those it strikes.
   It affects your dexterity (+2).
   It affects your resistance to hostile enchantments.
   It makes you more stealthy.
Missiles
 b - 8 tomahawks of returning
 y - 4 javelins
 G - 6 poisoned tomahawks (quivered)
Armour
 a - the +0 robe of the Engineer {rF+ MR+ Str-2 Slay+3}
   (You took it off a deep elf knight on level 2 of the Swamp)

   It affects your strength (-2).
   It affects your accuracy and damage with ranged weapons and melee attacks
   (+3).
   It protects you from fire.
   It affects your resistance to hostile enchantments.
 j - a +2 pair of boots (worn)
 m - a +2 cloak (worn)
 v - the +5 ring mail of Inaction (worn) {rElec rC+ Int+3}
   (You found it on level 6 of the Lair of Beasts)

   It affects your intelligence (+3).
   It protects you from cold.
   It insulates you from electricity.
 w - a +2 hat of magic resistance (worn)
 C - a +2 pair of gloves (worn)
Jewellery
 i - an uncursed ring of protection from cold
 n - an amulet of guardian spirit (around neck)
 J - a ring of protection from magic (left hand)
 L - an uncursed ring of poison resistance
 T - a +4 ring of evasion (right hand)
Wands
 f - a wand of hasting (5/9)
 h - a wand of polymorph (11/24)
 B - a wand of enslavement (8/24)
 N - a wand of lightning (6/15)
 Y - a wand of disintegration (11/24)
Scrolls
 e - 16 scrolls of remove curse
 l - 4 scrolls of identify
 q - 4 scrolls of recharging
 u - 5 scrolls of fear
 F - 2 scrolls of brand weapon
 H - a scroll of fog
 K - 2 scrolls of magic mapping
 R - 4 scrolls of enchant armour
 S - a scroll of silence
 V - 3 scrolls of teleportation
 Z - 2 scrolls of blinking
Potions
 d - 4 potions of might
 g - 4 potions of ambrosia
 p - 5 potions of agility
 r - a potion of cancellation
 t - a potion of magic
 x - a potion of heal wounds
 z - 6 potions of curing
 A - 2 potions of berserk rage
 E - 3 potions of haste
 M - 4 potions of flight
 O - 2 potions of invisibility
Books
 Q - a book of Spatial Translocations

   Spells                             Type                      Level
   a - Apportation                    Translocation                1
   b - Blink                          Translocation                2
   c - Shroud of Golubria             Charms/Translocation         2
   d - Portal Projectile              Translocation                3
   e - Teleport Other                 Translocation                3
   f - Passage of Golubria            Translocation                4
Comestibles
 c - 17 bread rations
 o - 15 meat rations
 I - 4 chunks of flesh
 U - 12 fruits
 W - 3 beef jerkies


   Skills:
 + Level 18.1(17.6) Fighting
 * Level 19.8(19.2) Polearms
 + Level 13.7(13.2) Armour
 - Level 9.5(9.0) Dodging
 - Level 1.5(1.2) Stealth
   Level 9.6(9.2) Shields
 - Level 10.8(10.3) Invocations


You had 17 spell levels left.
You didn't know any spells.

Dungeon Overview and Level Annotations

Branches:
Dungeon (15/15)            Temple (0/1) D:6            Lair (6/6) D:9
  Swamp (4/4) Lair:2        Snake (0/4) Lair:4        Slime (0/5) Lair:6
    Orc (2/2) D:12            Elf (3/3) Orc:2        Vaults (0/5) D:14
 Depths (0/5) D:15

Altars:
Ashenzari
Dithmenos
Fedhas
Gozag
Hepliaklqana
Makhleb
Sif Muna
Trog
Xom
Yredelemnul
Zin
Beogh
Jiyva

Shops:
D:8 :   D:12 (   D:14 }?   Orc:2 =([*   Elf:1 %   Elf:2 (

Portals:
Trove: Elf:3 (give 2 scrolls of acquirement)


Innate Abilities, Weirdness & Mutations

You can walk on water.
You are clumsy. (Dex -2)
Your flesh is heat resistant. (rF+)
You are resistant to hostile enchantments. (MR+)
You are robust. (+10% HP)


Message History

Beogh accepts your kill.
Beogh blesses Arbeogh with healing.
Things that are here:
a rapier; an elf corpse You butcher the elf corpse.
I - 4 chunks of flesh You see here a rapier.
Unknown command.
A deep elf high priest comes into view. It is wielding a broad axe of freezing.
The deep elf high priest utters a dark prayer and points at you.
Your orc wizard's life force is offered up.
The deep elf high priest invokes the aid of its god against you.
The sphere of damnation explodes!
The damnation engulfs you!
* * * LOW HITPOINT WARNING * * *
Your orc wizard misses the deep elf high priest.
You hear a shout! x5
You see here 20 stones.
The deep elf annihilator shouts!
The deep elf annihilator points at you and mumbles some strange words.
The crystal spear hits you!
You die...

.#.........'...'..#..#..#..#.o.#.
.#.........#..o#..#..#..#..#..o#.
.#.........#..o#..#..#..#..#...'.
.#.........#.o.#..#..#..#o.#...#.
.##'########...#..#..#..#..#...#.
...............#e.#..#..#..#...#.
...............#..#..#..#..#...#.
...............#..#..#..#..#...#.
################@.#..#..o..#...#.
..................#..#..#..#...#.
........)....(....#..#o.#..#...#.
#########'#########..#oo#..#####.
.......eo............'o.#........
e....................#..#........
#.#################..#..#..#####.
.eo..#### #..#..#..#...#)
eeE3..e2# #..#..#..#...#.


You could see a deep elf annihilator.

Vanquished Creatures
  3 deep elf sorcerers
  An orc warlord (Orc:1)
  A very ugly thing (Swamp:4)
  A deep elf demonologist (Elf:2)
  2 deep elf annihilators (Elf:3)
  A deep elf death mage (Elf:1)
  An ettin (D:15)
  A vault guard (D:14)
  A catoblepas (D:15)
  3 centaur warriors
  A tengu warrior (D:14)
  The ghost of deifeln the Basher, a novice TrFi of Okawaru (D:10)
  6 alligators
  10 dancing weapons
  An ogre mage (D:14)
  5 death yaks (Lair:6)
  12 deep elf knights
  14 spriggans
  An unseen horror (D:15)
  2 swamp dragons
  2 spriggan druids
  An anubis guard (shapeshifter) (Elf:2)
  6 hill giants
  13 deep elf archers
  Pikel (D:6)
  A shambling mangrove (Swamp:2)
  11 ugly things
  3 necromancers (Elf:1)
  An orc knight (Orc:2)
  3 hornets
  An oklob plant (Lair:3)
  A manticore (D:12)
  2 cyclopes
  An elephant (Lair:6)
  44 deep elf magi
  4 large abominations (Elf:1)
  Joseph (D:8)
  An octopode (shapeshifter) (D:15)
  Maurice (D:9)
  A molten gargoyle (Lair:2)
  A gargoyle (D:14)
  A kobold demonologist (D:12)
  A hellion (Swamp:3)
  5 spiny frogs
  4 komodo dragons
  A yaktaur (D:15)
  2 rime drakes
  The ghost of fairyof the Caller, a novice OpSu (D:5)
  A meliai (D:14)
  A tengu conjurer (D:14)
  A troll (Orc:2)
  A steam dragon (Lair:1)
  A troll (shapeshifter) (Elf:2)
  A giant leech (Swamp:1)
  3 polar bears
  A blink frog (D:9)
  A bog body (Swamp:1)
  2 two-headed ogres
  2 slime creatures
  2 meliai zombies
  A wyvern (D:9)
  4 wraiths
  4 water elementals
  20 yaks
  A basilisk (Lair:6)
  4 hippogriffs
  4 vampire mosquitoes
  3 fire elementals (Elf:2)
  2 electric eels
  7 insubstantial wisps
  A warg (Elf:3)
  A mottled dragon (D:15)
  A soldier ant (D:10)
  7 swamp worms
  A naga (Lair:4)
  10 porcupines
  11 water moccasins
  9 orc warriors
  4 black bears
  A hell hound (D:12)
  4 swamp drakes
  3 slaves (D:6)
  4 sky beasts
  10 wasps
  An ice beast (D:10)
  2 necrophages
  14 ogres
  An eye of draining (D:13)
  2 phantoms (D:8)
  11 wolves (Lair:6)
  5 crocodiles
  2 boggarts (Lair:6)
  14 centaurs
  2 elf zombies (Elf:1)
  10 giant frogs
  An earth elemental (Elf:2)
  A wyvern skeleton (D:14)
  A water moccasin zombie (D:6)
  A scorpion (D:8)
  3 killer bees (D:12)
  29 wights
  8 howler monkeys
  9 crimson imps
  A quasit (D:11)
  A centaur zombie (D:7)
  A giant frog zombie (D:7)
  6 hounds
  2 jellies
  16 orc wizards
  2 human zombies (D:13)
  3 orc priests
  3 centaur skeletons
  A gnoll shaman (Orc:2)
  A human skeleton (D:13)
  A giant frog skeleton (D:6)
  6 iguanas
  8 worker ants
  2 sheep (Lair:3)
  An ogre skeleton (D:13)
  A hound skeleton (D:7)
  A hound zombie (D:11)
  A worker ant zombie (D:11)
  8 gnolls
  14 adders
  18 river rats
  4 shadow imps
  4 oozes
  2 adder zombies
  3 worms
  2 adder skeletons
  3 dart slugs
  2 giant geckos
  19 orcs
  5 giant cockroaches
  7 goblins
  7 hobgoblins
  2 jackals (D:6)
  4 quokkas
  6 ball pythons (D:3)
  11 bats
  A giant gecko skeleton (D:6)
  2 giant newts
  4 kobolds
  An orc zombie (D:13)
  A quokka skeleton (D:6)
  A quokka zombie (D:5)
  7 rats
  A plant (Swamp:2)
631 creatures vanquished.

Vanquished Creatures (collateral kills)
  Jorgrun (Swamp:2)
  2 deep elf blademasters
  A deep elf master archer (Elf:3)
  3 thorn hunters
  Agnes (D:15)
  The ghost of rikpant the Peltast, an adept GrFi of Okawaru (Swamp:1)
  An orc warlord (Orc:2)
  A deep elf elementalist (Elf:3)
  Azrael (D:12)
  6 orc knights
  A deep elf annihilator (Elf:2)
  Snorg (Lair:5)
  2 deep elf death magi
  A deep elf high priest (Elf:3)
  Josephine (Lair:5)
  An ogre mage (D:15)
  10 hydras
  A ghost crab (Swamp:3)
  3 centaur warriors
  4 alligators
  14 dancing weapons (Elf:2)
  A tengu warrior (D:15)
  A death yak (Lair:6)
  A spriggan berserker (Swamp:2)
  2 orc high priests
  5 deep elf knights
  3 unseen horrors
  2 spriggan druids
  2 shambling mangroves
  2 deep elf archers
  A deep troll (D:15)
  A swamp dragon (Swamp:1)
  A wizard (D:12)
  15 deep elf magi
  2 oklob plants (Lair:3)
  A griffon (Lair:4)
  4 orc sorcerers
  15 ugly things
  10 spiny frogs
  A cyclops (D:12)
  3 manticores
  8 elephants (Lair:6)
  3 black mambas
  A komodo dragon (D:15)
  5 porcupines
  A tengu conjurer (D:15)
  A polar bear (Lair:6)
  A troll (D:10)
  2 two-headed ogres
  5 meliai (D:14)
  4 giant leeches
  7 slime creatures
  A blink frog (shapeshifter) (D:14)
  5 bog bodies
  An air elemental (Elf:2)
  2 orc warriors (Orc:2)
  9 spriggans
  3 wraiths
  3 wyverns
  23 yaks
  4 fire elementals (D:12)
  12 vampire mosquitoes
  A hungry ghost (D:11)
  2 hippogriffs
  8 swamp worms
  2 wargs (Orc:2)
  15 insubstantial wisps
  3 water moccasins
  2 hell hounds (D:12)
  A soldier ant (D:14)
  A hell hound (shapeshifter) (D:13)
  2 black bears (Lair:6)
  5 swamp drakes
  A sky beast (D:9)
  11 wasps
  An ice beast (D:11)
  A phantom (D:8)
  12 wolves (Lair:6)
  6 necrophages (Lair:3)
  3 ogres
  4 crocodiles
  7 centaurs
  A big kobold (shapeshifter) (D:15)
  3 giant frogs
  2 killer bees (D:12)
  An electric eel (Lair:6)
  6 wights
  2 howler monkeys
  2 crimson imps (D:14)
  2 human zombies (D:13)
  An orc priest (Orc:2)
  6 centaur skeletons
  3 orc wizards
  3 iguanas
  A giant frog skeleton (D:13)
  2 worker ants (D:13)
  A hell rat (D:9)
  5 sheep (Lair:3)
  3 gnolls (Orc:2)
  22 river rats
  A shadow imp (D:12)
  2 adder zombies (D:9)
  4 orcs
  A rat (D:9)
  4 briar patches (Swamp:3)
  13 fungi
  9 plants
419 creatures vanquished.

Vanquished Creatures (others)
  2 orc warlords
  An orc high priest (Elf:2)
  4 orc sorcerers
  2 orc knights
  A deep elf mage (Elf:1)
  A spriggan (Swamp:2)
  19 orc warriors
  A wasp (Swamp:2)
  11 orc priests
  9 orc wizards
  36 orcs
  10 fungi
  4 plants
101 creatures vanquished.

Grand Total: 1151 creatures vanquished

Notes
Turn   | Place    | Note
-------+----------+-------------------------------------------
     0 | D:1      | ryw the Hill Orc Monk began the quest for the Orb.
     0 | D:1      | Reached XP level 1. HP: 19/19 MP: 1/1
   242 | D:1      | Reached XP level 2. HP: 26/26 MP: 2/2
   366 | D:1      | Reached skill level 4 in Polearms
   972 | D:2      | Reached XP level 3. HP: 31/31 MP: 3/3
  1486 | D:2      | Reached skill level 5 in Polearms
  1714 | D:2      | Found a shadowy altar of Dithmenos.
  1718 | D:2      | Found a shimmering altar of Xom.
  2049 | D:3      | Reached XP level 4. HP: 32/39 MP: 4/4
  2538 | D:3      | Reached skill level 6 in Polearms
  2652 | D:3      | Reached XP level 5. HP: 45/45 MP: 5/5
  3107 | D:4      | Noticed an ogre
  3169 | D:3      | Killed an ogre
  3169 | D:3      | Reached XP level 6. HP: 34/51 MP: 6/6
  3321 | D:4      | Reached skill level 7 in Polearms
  4073 | D:4      | Reached XP level 7. HP: 54/57 MP: 7/7
  4759 | D:4      | Found an opulent altar of Gozag.
  4865 | D:5      | Entered Level 5 of the Dungeon
  5191 | D:5      | Found a shimmering altar of Xom.
  5252 | D:5      | Reached skill level 1 in Shields
  5297 | D:5      | Noticed fairyof's ghost (novice OpSu)
  5325 | D:5      | Killed fairyof's ghost
  5325 | D:5      | Reached skill level 8 in Polearms
  5325 | D:5      | Reached XP level 8. HP: 57/64 MP: 8/8
  5503 | D:5      | Paralysed by a crimson imp for 7 turns
  5577 | D:6      | Found a burning altar of Makhleb.
  5605 | D:6      | Found a hazy altar of Hepliaklqana.
  5765 | D:6      | Reached skill level 1 in Armour
  5778 | D:6      | Found a blossoming altar of Fedhas.
  5823 | D:6      | Became a worshipper of Beogh the Brigand
  5823 | D:6      | Reached * piety under Beogh
  5823 | D:6      | Reached ** piety under Beogh
  5920 | D:6      | Found a staircase to the Ecumenical Temple.
  5980 | D:6      | Reached skill level 5 in Dodging
  6192 | D:6      | Found a glowing silver altar of Zin.
  6192 | D:6      | Noticed an angel
  6193 | D:6      | Noticed a green death
  6431 | D:7      | Reached skill level 5 in Fighting
  6432 | D:7      | Found a burning altar of Makhleb.
  6712 | D:6      | Reached XP level 9. HP: 67/74 MP: 9/9
  6844 | D:7      | Reached skill level 9 in Polearms
  6901 | D:7      | Identified the Guide on Execration and the Volcanoes
  6926 | D:7      | Noticed Pikel
  6957 | D:7      | Found a shattered altar of Ashenzari.
  7117 | D:6      | Killed Pikel
  7117 | D:6      | Reached skill level 5 in Shields
  7626 | D:7      | Found a bloodstained altar of Trog.
  7637 | D:7      | Reached *** piety under Beogh
  7774 | D:8      | Found Wapateav's Book Shop.
  8127 | D:8      | Noticed Joseph
  8145 | D:8      | Killed Joseph
  8145 | D:8      | Reached XP level 10. HP: 78/86 MP: 10/10
  8320 | D:8      | Reached skill level 5 in Armour
  8529 | D:9      | Found a staircase to the Lair.
  8531 | D:9      | Noticed a spiny frog
  8542 | D:9      | Killed a spiny frog
  8847 | D:9      | Noticed Maurice
  8854 | D:9      | Killed Maurice
  8854 | D:9      | Reached skill level 10 in Polearms
  9416 | Lair:1   | Entered Level 1 of the Lair of Beasts
  9416 | Lair:1   | Noticed a spiny frog
  9425 | Lair:1   | Killed a spiny frog
  9451 | Lair:1   | Got a fabulously ornate robe
  9452 | Lair:1   | Identified the +1 robe of Egih {Str+7} (You found it on level 1 of the Lair of Beasts)
  9656 | Lair:1   | Noticed a spiny frog
  9663 | Lair:1   | Killed a spiny frog
 10020 | D:10     | Entered Level 10 of the Dungeon
 10401 | D:10     | Reached XP level 11. HP: 70/95 MP: 11/11
 10638 | D:10     | Noticed deifeln's ghost (novice TrFi)
 10717 | D:10     | Noticed a brown ugly thing
 10809 | D:10     | Noticed a hill giant
 11519 | D:10     | Killed a hill giant
 11735 | D:10     | Killed deifeln's ghost
 11875 | D:10     | Reached **** piety under Beogh
 11883 | D:10     | Reached skill level 11 in Polearms
 11991 | D:10     | Gained Bladwarg as an ally
 13697 | Lair:2   | Gained mutation: You are robust. (+10% HP) [potion of beneficial mutation]
 13704 | Lair:2   | Gained mutation: You are resistant to hostile enchantments. (MR+) [potion of mutation]
 13704 | Lair:2   | Gained mutation: You are clumsy. (Dex -2) [potion of mutation]
 13704 | Lair:2   | Gained mutation: Your flesh is heat resistant. (rF+) [potion of mutation]
 14318 | Lair:2   | Reached ***** piety under Beogh
 14334 | Lair:2   | Found a staircase to the Swamp.
 14627 | Lair:2   | Reached XP level 12. HP: 115/115 MP: 12/12
 15477 | Lair:3   | Identified a scroll of acquirement
 15478 | Lair:3   | Got an ichor-stained bardiche
 15479 | Lair:3   | Identified the +3 bardiche "Nielaet" {drain, MR+ Dex+2 Stlth+} (You acquired it on level 3 of the Lair of Beasts)
 15688 | D:10     | Reached skill level 10 in Fighting
 15688 | D:10     | Reached skill level 12 in Polearms
 15688 | D:10     | Reached XP level 13. HP: 126/126 MP: 13/13
 15730 | D:12     | Noticed Azrael
 15774 | D:12     | Found a staircase to the Orcish Mines.
 15787 | Orc:1    | Entered Level 1 of the Orcish Mines
 15851 | Orc:2    | Entered Level 2 of the Orcish Mines
 15930 | Orc:2    | Found a staircase to the Elven Halls.
 16120 | Orc:2    | Noticed an orc warlord
 17298 | Lair:3   | Reached skill level 10 in Armour
 17298 | Lair:3   | Gained Bogwik as an ally
 17319 | Lair:3   | Gained Bogward as an ally
 17322 | Lair:3   | Gained Beowulf as an ally
 17323 | Lair:3   | Your ally Bogwik died
 18399 | Lair:4   | Found a staircase to the Snake Pit.
 18683 | Lair:4   | Reached skill level 1 in Invocations
 19060 | D:10     | Got a fine short sword
 19061 | D:10     | Identified the +1 short sword "Lytesau" {antimagic, rElec rPois Int-4} (You found it on level 10 of the Dungeon)
 19455 | Lair:5   | Noticed Josephine
 19464 | Lair:5   | Gained Rocco as an ally
 19469 | Lair:5   | Killed Josephine
 19469 | Lair:5   | Reached skill level 13 in Polearms
 19538 | Lair:5   | Reached ****** piety under Beogh
 19721 | Lair:5   | Noticed Snorg
 19733 | Lair:5   | Killed Snorg
 20248 | Lair:6   | Entered Level 6 of the Lair of Beasts
 20340 | Lair:6   | Gained Oruk as an ally
 20481 | Lair:6   | Reached skill level 5 in Invocations
 20628 | Lair:6   | Found a viscous altar of Jiyva.
 20628 | Lair:6   | Found a staircase to the Slime Pits.
 20705 | Lair:6   | Reached XP level 14. HP: 119/138 MP: 17/17
 21926 | Lair:6   | Got an encrusted ring mail
 21930 | Lair:6   | Identified the +5 ring mail of Inaction {rElec rC+ Int+3} (You found it on level 6 of the Lair of Beasts)
 22245 | Lair:6   | Reached skill level 14 in Polearms
 22551 | Swamp:1  | Entered Level 1 of the Swamp
 22647 | Swamp:1  | Noticed rikpant's ghost (adept GrFi)
 22662 | Swamp:1  | Killed rikpant's ghost
 23117 | Swamp:1  | Noticed a thorn hunter
 23128 | Swamp:1  | Killed a thorn hunter
 23819 | Swamp:2  | Paralysed by a wasp for 2 turns
 23890 | Swamp:2  | Noticed Jorgrun
 23899 | Swamp:2  | Killed Jorgrun
 24277 | Swamp:2  | Your ally Rocco died
 24603 | Swamp:2  | Your ally Beowulf died
 24858 | Swamp:2  | Reached skill level 10 in Invocations
 25106 | Swamp:1  | Reached XP level 15. HP: 128/151 MP: 22/22
 26161 | Orc:1    | Killed an orc warlord
 26558 | D:12     | Killed Azrael
 27056 | Swamp:2  | Reached skill level 15 in Polearms
 27068 | Swamp:2  | Your ally Oruk died
 27406 | Swamp:3  | Noticed a thorn hunter
 27414 | Swamp:3  | Your ally Bogward died
 27418 | Swamp:3  | Killed a thorn hunter
 28166 | Orc:2    | Found a roughly hewn altar of Beogh.
 28181 | Orc:2    | Found Pewiu's Antique Weapon Shoppe.
 28197 | Orc:2    | Found Kiattyst's General Store.
 29922 | Orc:2    | Noticed an orc warlord
 29930 | Orc:2    | Killed an orc warlord
 30033 | Orc:2    | Found Koaroih's Antique Armour Shoppe.
 30039 | Orc:2    | Bought a shimmering robe for 176 gold pieces
 30039 | Orc:2    | Identified the +1 robe of the Pink Corner {Str+4 Dex+4} (You bought it in a shop on level 2 of the Orcish Mines)
 30049 | Orc:2    | Found Cyptu's Jewellery Shoppe.
 30506 | D:12     | Reached skill level 15 in Fighting
 30583 | D:12     | Found Peon Vid's Antique Weapon Emporium.
 30593 | D:12     | Bought an encrusted whip for 172 gold pieces
 30601 | D:12     | Identified the +8 whip of Prescription {venom, Dex+4} (You bought it in a shop on level 12 of the Dungeon)
 30743 | D:12     | Gained Okrist as an ally
 31991 | D:13     | Found a basalt altar of Yredelemnul.
 32133 | D:14     | Reached skill level 16 in Polearms
 32444 | D:14     | Found Quinoich's Gadget Emporium.
 32564 | D:14     | Gained Bladwarg as an ally
 32589 | D:14     | Found a gate to the Vaults.
 32954 | D:14     | Found a deep blue altar of Sif Muna.
 33034 | D:14     | Reached XP level 16. HP: 166/166 MP: 24/24
 33115 | D:14     | Found Harutoci's Magic Scroll Emporium.
 33483 | D:15     | Entered Level 15 of the Dungeon
 33757 | D:15     | Gained Wargrak as an ally
 33757 | D:15     | Reached skill level 17 in Polearms
 33814 | D:15     | Noticed Agnes
 33821 | D:15     | Killed Agnes
 34205 | D:15     | Found a staircase to the Depths.
 34782 | Swamp:2  | Gained Gorm as an ally
 35475 | Swamp:4  | Entered Level 4 of the Swamp
 35520 | Swamp:4  | Noticed a thorn hunter
 35521 | Swamp:4  | Your ally Wargrak died
 35869 | Swamp:4  | Noticed a thorn hunter
 35879 | Swamp:4  | Killed a thorn hunter
 35997 | Swamp:4  | Your ally Bladwarg died
 35998 | Swamp:4  | Your ally Okrist died
 36285 | Swamp:4  | Your ally Gorm died
 36453 | Swamp:2  | HP: 7/250 [alligator (12)]
 36470 | Swamp:2  | Your ally Bladwarg died
 36485 | Swamp:2  | Got a silken robe
 37750 | Elf:1    | Entered Level 1 of the Elven Halls
 38135 | Elf:1    | Found Namek's Food Boutique.
 38477 | Elf:1    | Reached skill level 18 in Polearms
 39129 | Elf:1    | Reached XP level 17. HP: 173/177 MP: 23/25
 40084 | Elf:2    | Gained Arbeogh as an ally
 40385 | Elf:2    | Identified the +0 robe of the Engineer {rF+ MR+ Str-2 Slay+3} (You took it off a deep elf knight on level 2 of the Swamp)
 40441 | Elf:2    | Gained Arbolt as an ally
 40470 | Elf:2    | Your ally Arbolt died
 40686 | Elf:2    | Reached skill level 19 in Polearms
 40687 | Elf:2    | Found a huge runed gate.
 40687 | Elf:2    | Found a huge runed gate.
 40687 | Elf:2    | Found a huge runed gate.
 40700 | Elf:2    | Found a huge runed gate.
 40700 | Elf:2    | Found a huge runed gate.
 40775 | Elf:2    | Found Sung's Weapon Shop.
 42053 | Elf:2    | Noticed a deep elf blademaster
 42061 | Elf:2    | Killed a deep elf blademaster
 42718 | Elf:3    | Entered Level 3 of the Elven Halls
 42765 | Elf:3    | Found a portal to a secret trove of treasure.
 43279 | Elf:3    | Upgraded the game from 0.19-a0-944-gb338e1e to 0.19-a0-957-gf4ea323
 43367 | Elf:3    | Reached XP level 18. HP: 189/189 MP: 26/26
 43492 | Elf:3    | Noticed a deep elf master archer
 43719 | Elf:3    | Noticed a deep elf blademaster
 43724 | Elf:3    | Killed a deep elf blademaster
 43769 | Elf:3    | Noticed a deep elf master archer
 43772 | Elf:3    | Noticed a deep elf blademaster
 43778 | Elf:3    | Noticed a Brimstone Fiend
 43778 | Elf:3    | Your ally Bladwarg died
 43783 | Elf:3    | Killed a deep elf master archer
 43811 | Elf:3    | Killed from afar by a deep elf annihilator

Vault maps used:
D:1:      scummos_arrival_gate, st_stairs_9
D:2:      minitemple, first_bread
D:3:      corexii_item_surrounded_by_moat, minmay_shallow_snake_nest
D:4:      grunt_ministairs_6, grunt_gozag_statues
D:5:      led_xom_imps
D:6:      grunt_temple_overflow_order_and_chaos_2, lemuel_round_altar,
          fedhas_altar_2
D:7:      lemuel_doored_altar, ashenzari_altar_1, bloody_makhleb, uniq_pikel
D:8:      serial_shops, shop, uniq_joseph
D:9:      dpeg_lair_monsters, uniq_maurice
D:12:     david_orc_2, serial_shops, nicolae_shop_overgrown_old_shop,
          uniq_azrael
D:13:     minmay_connected_triangles_in_corner, grunt_ogre_cave,
          lemuel_mausoleum_altar_yredelemnul
D:14:     david_vaults_5, serial_shops, shop_statue, nicolae_shop_trees,
          basic_altar
D:15:     hangedman_depths_entry_civil_slaughter, serial_park_square3,
          hive_lemuel, uniq_agnes
Lair:1:   serial_bayou_shore_a
Lair:2:   minmay_swamp_entry_worms, beast_lair_carwin_9
Lair:3:   dpeg_oklob_shooting_range, roderic_carrion_pond
Lair:4:   guppyfry_snake_entry_garden
Lair:5:   uniq_josephine, uniq_snorg
Lair:6:   minmay_lair_end_enchanted_forest, dpeg_slime_entry_enclosed_altar,
          serial_bayou_shore_b
Swamp:1:  serial_swamp_ruin, evilmike_swamp_ruin_house_3,
          evilmike_swamp_ruin_rubble_2
Swamp:2:  cheibrodos_swamp_heart_of_darkness, wheals_swamp_sinkhole,
          infiniplex_staircase_pool_2, uniq_jorgrun
Swamp:3:  evilmike_swamp_ruin_rubble_1, swamp_pool5
Swamp:4:  swamp, swamp_pool3
Orc:2:    grunt_orc_cross
Elf:1:    eino_elf_arrival_customs, serial_shops, nicolae_shop_crystal,
          minmay_elf_necromancy, corexii_checkpoint_a
Elf:2:    serial_shops, shop, minmay_misc_feat_columns
Elf:3:    minmay_elf_hall_furrowed, enter_trove_1, minivault_20

Skill      XL: |  1  2  3  4  5  6  7  8  9 10 11 12 13 14 15 16 17 |
---------------+----------------------------------------------------+-----
Polearms       | 4 5 6 7 8 9 10 11 12 13 14 16 18 19 | 19.8
Dodging        | 3 4 5 6 7 8 9 |  9.5
Shields        | 2 4 6 7 9 |  9.6
Fighting       | 5 7 8 9 10 12 14 15 17 18 | 18.1
Armour         | 2 4 6 8 9 10 12 13 | 13.7
Invocations    | 5 10 | 10.8
Stealth        | |  1.5

Action                   |  1- 3 |  4- 6 |  7- 9 | 10-12 | 13-15 | 16-18 || total
-------------------------+-------+-------+-------+-------+-------+-------++-------
Melee: Spear             |   177 |   341 |    32 |       |       |       ||   550
       Halberd           |       |       |   425 |   429 |       |       ||   854
       Bardiche          |       |       |       |     8 |   907 |   836 ||  1751
       Demon trident     |       |       |       |       |       |    22 ||    22
Throw: Tomahawk          |       |       |     4 |       |    12 |     4 ||    20
       Javelin           |       |       |       |       |     1 |       ||     1
Invok: Convert to Beogh  |       |       |     1 |       |       |       ||     1
       Recall Orcish Fol |       |       |       |     4 |    37 |    20 ||    61
       Give Item to Name |       |       |       |       |     5 |     1 ||     6
       Stop Recall       |       |       |       |       |     1 |       ||     1
       Resurrection      |       |       |       |       |     1 |     2 ||     3
Evoke: Wand              |       |       |       |       |       |     3 ||     3
  Use: Potion            |       |     4 |       |     6 |     3 |     8 ||    21
       Scroll            |       |       |     3 |    10 |    31 |     9 ||    53
 Stab: Sleeping          |     3 |     1 |     1 |     1 |    31 |     9 ||    46
       Distracted        |       |       |     3 |     3 |     9 |     5 ||    20
       Invisible         |       |       |     1 |       |       |     1 ||     2
       Paralysed         |       |       |       |       |       |     2 ||     2
  Eat: Chunk             |     4 |     7 |    12 |    24 |    40 |    15 ||   102
       Fruit             |       |       |     2 |       |       |       ||     2
       Beef jerky        |       |       |       |     1 |     5 |     5 ||    11
       Pizza             |       |       |       |       |     1 |     6 ||     7
       Royal jelly       |       |       |       |       |     1 |     2 ||     3
       Meat ration       |       |       |       |       |     1 |       ||     1
Armor: Ring mail         |    53 |   120 |   180 |   111 |   314 |   306 ||  1084
       Skin              |       |       |       |       |       |    12 ||    12
Dodge: Dodged            |    60 |   125 |   228 |   190 |   812 |   642 ||  2057
